 Dungeon Crawl Stone Soup version 0.21.1-1-g345015f (webtiles) character file.

33 inc the Conjurer (level 3, 14/14 HPs)
             Began as a Felid Conjurer on Feb 22, 2018.
             Quit the game on level 4 of the Dungeon.
             The game lasted 00:04:58 (3081 turns).

inc the Conjurer (Felid Conjurer)                   Turns: 3081, Time: 00:04:58

Health: 14/14      AC:  1    Str:  4    XL:     3   Next: 12%
Magic:  7/7        EV: 18    Int: 17    God:
Gold:   178        SH:  0    Dex: 16    Spells: 3/6 levels left
                                        Lives:  0   Deaths: 1

rFire    . . .     SeeInvis +   (weapon unavailable)
rCold    . . .     Gourm    .   (shield unavailable)
rNeg     . . .     Faith    .   (armour unavailable)
rPois    .         Spirit   .   (helmet unavailable)
rElec    .         Reflect  .   (cloak unavailable)
rCorr    .         Harm     .   (gloves unavailable)
MR       .....                  (boots unavailable)
Stlth    +++.......             (no amulet)
HPRegen  0.04/turn              (no ring)
MPRegen  0.10/turn              (no ring)

@: quick
A: very small, no armour, no weapons or thrown items, stealth, claws 1, fangs 3,
see invisible, carnivore, speed 1, shaggy fur 1, slow metabolism 1, sharp paws
a: no special abilities


You were on level 4 of the Dungeon.
You were not hungry.

You visited 1 branch of the dungeon, and saw 4 of its levels.

You collected 178 gold pieces.

Inventory:

Jewellery
 h - an uncursed ring of fire
 l - an uncursed ring of magical power {unknown}
 n - an uncursed ring of wizardry {unknown}
Scrolls
 d - 2 scrolls of remove curse {unknown}
 g - 2 scrolls of noise {unknown}
 k - a scroll of fear {unknown}
 m - a scroll of identify {unknown}
Potions
 c - a potion of ambrosia {unknown}
 e - a potion of might {unknown}
 i - a potion of heal wounds {unknown}
 j - a potion of curing {unknown}
Books
 a - a book of Conjurations

   Spells                             Type                      Level
   a - Magic Dart                     Conjuration                  1
   b - Searing Ray                    Conjuration                  2
   c - Dazzling Spray                 Conjuration/Hexes            3
   d - Fulminant Prism                Conjuration/Hexes            4
   e - Force Lance                    Conjuration/Translocation    4
   f - Iskenderun's Mystic Blast      Conjuration                  4
Comestibles
 b - 3 rations


   Skills:
 - Level 2.6 Dodging
 - Level 2.6 Stealth
 - Level 2.0 Spellcasting
 + Level 5.2 Conjurations


You had 3 spell levels left.
You knew the following spells:

 Your Spells              Type           Power        Failure   Level  Hunger
a - Magic Dart            Conj           ###.         2%          1    #......
b - Searing Ray           Conj           ###...       3%          2    ###....


Dungeon Overview and Level Annotations

Branches:
Dungeon (4/15)
 Temple: D:4-7

Altars:
Elyvilon

Annotations:
D:3 1994's ghost, amateur TrGl


Innate Abilities, Weirdness & Mutations

You cannot wear armour.
You are incapable of wielding weapons or throwing items.
Your paws allow you to move quietly. (Stealth)
You have sharp claws.
You have razor-sharp teeth.
You have supernaturally acute eyesight. (SInv)
You are carnivorous and can eat meat at any time.
You cover ground quickly.
You are covered in fur. (AC +1)
You have a slow metabolism.
Your sharp claws are effective at attacking unaware monsters.


Message History

The worker ant is heavily wounded.
The worker ant bites you! The worker ant bites you.
* * * LOW HITPOINT WARNING * * *
You are lethally poisoned!
The worker ant poisons you!
Casting: Magic Dart
Confirm with . or Enter, or press ? or * to list all spells.
Aiming: Magic Dart
Press: ? - help, Shift-Dir - straight line, f/p - worker ant
Aim: a worker ant (heavily wounded)
Okay, then.
Sorry, you're not good enough to have a special ability.
It was a potion of haste.
You feel yourself speed up.
You die...
You feel sick. The worker ant closely misses you.
You are now level 3!
You rejoin the land of the living...
Found a stone staircase leading down.
Unknown command.
Are you sure you want to abandon this character and quit the game? (Confirm with "yes".)

#... #...
..... ###
.... #..
#... #..
#...# .#..
#....##
.... #..@#
#..
##.......#
#<)
##..#...#
#.. ##.#
..# <...
># .# ##..
.# # #..
.# ### ..


There were no monsters in sight!

Vanquished Creatures
  2 adders
  3 dart slugs
  2 leopard geckos (D:2)
  10 orcs
  A giant cockroach (D:1)
  A goblin (D:1)
  6 hobgoblins
  8 bats
  3 frilled lizards (D:1)
  4 kobolds (D:1)
  2 rats (D:1)
42 creatures vanquished.

Notes
Turn   | Place    | Note
-------+----------+-------------------------------------------
     0 | D:1      | inc the Felid Conjurer began the quest for the Orb.
     0 | D:1      | Reached XP level 1. HP: 7/7 MP: 4/4
   135 | D:2      | Reached skill level 4 in Conjurations
   135 | D:2      | Reached XP level 2. HP: 5/11 MP: 6/6
   326 | D:2      | Learned a level 2 spell: Searing Ray
   480 | D:2      | Found a white marble altar of Elyvilon.
   676 | D:2      | Reached XP level 3. HP: 14/14 MP: 5/7
  2104 | D:3      | Reached skill level 5 in Conjurations
  2127 | D:3      | Noticed 1994's ghost (amateur TrGl)
  2495 | D:1      | Reached XP level 4. HP: 18/18 MP: 5/8
  3080 | D:4      | Succumbed to a worker ant's poison
  3081 | D:4      | Reached XP level 3. HP: 0/14 MP: 1/7
  3081 | D:4      | Quit the game

Skill      XL: |  1  2  3 |
---------------+----------+-----
Conjurations   | 4 5 |  5.2
Dodging        | |  2.6
Stealth        | |  2.6
Spellcasting   | |  2.0

Action                   |  1- 3 |  4- 6 || total
-------------------------+-------+-------++-------
Melee: Unarmed           |    18 |     3 ||    21
       Bite              |     1 |       ||     1
 Cast: Magic Dart        |    37 |    18 ||    55
       Searing Ray       |    16 |     1 ||    17
  Use: Potion            |       |     1 ||     1
 Stab: Sleeping          |     3 |       ||     3
  Eat: Chunk             |     3 |     4 ||     7
Armor: Skin              |     1 |     1 ||     2
Dodge: Dodged            |    29 |    14 ||    43
